 Dungeon Crawl Stone Soup version 0.29-a0-823-gc37b1572da (webtiles) character file.

Game seed: 258372529140372654

13 sweatyfellr the Sneak (level 2, 0/13 HPs)
             Began as a Spriggan Enchanter on July 9, 2022.
             Slain by a hobgoblin (5 damage)
             ... on level 1 of the Dungeon.
             The game lasted 00:02:07 (602 turns).

sweatyfellr the Sneak (Spriggan Enchanter)           Turns: 602, Time: 00:02:08

Health: 0/13       AC:  2    Str:  4    XL:     2   Next: 24%
Magic:  6/6        EV: 17    Int: 16    God:
Gold:   12         SH:  0    Dex: 15    Spells: 6/6 levels left

rFire   . . .      SeeInvis +   a - +1 dagger
rCold   . . .      Faith    .   (no shield)
rNeg    . . .      Spirit   .   b - +0 robe
rPois   .          Reflect  .   (helmet restricted)
rElec   .          Harm     .   (no cloak)
rCorr   .          Rampage  .   (gloves unavailable)
Will    .....                   (boots unavailable)
Stlth   +++.......              (no amulet)
HPRegen 0.04/turn               (no ring)
MPRegen 0.10/turn               (no ring)

@: very quick
A: very small, no large weapons, unfitting armour, see invisible, speed 3
a: no special abilities


You were on level 1 of the Dungeon.
You visited 1 branch of the dungeon, and saw 1 of its levels.

You collected 12 gold pieces.

Inventory:

Hand Weapons
 a - a +1 dagger (weapon)
 e - a +1 mace of holy wrath
Missiles
 g - 6 javelins
Armour
 b - a +0 robe (worn)
Jewellery
 f - a ring of willpower
Scrolls
 d - a scroll of enchant weapon {unknown}
 h - a scroll of identify {unknown}
Potions
 c - 2 potions of invisibility


   Skills:
 + Level 1.2 Short Blades
 + Level 0.4 Throwing
 + Level 2.6 Dodging
 + Level 4.7 Stealth
 + Level 2.7 Spellcasting
 + Level 4.1 Hexes


You had 6 spell levels left.
You didn't know any spells.
Your spell library contained the following spells:

 Spells                   Type           Power      Damage    Failure   Level
 Confusing Touch          Hex            15%        N/A       11%         3
 Tukima's Dance           Hex            15%        N/A       11%         3
 Ensorcelled Hibernation  Hex/Ice        16%        N/A       12%         2
 Dazzling Flash           Conj/Hex       16%        N/A       24%         3


Dungeon Overview and Level Annotations

Branches:
Dungeon (1/15)

Altars:


Innate Abilities, Weirdness & Mutations

You are very small and have problems with some larger weapons.
You are too small for most types of armour.
You have supernaturally acute eyesight. (SInv)
You cover ground extremely quickly. (Speed+++)


Message History

The quokka closely misses you.
You hit the quokka but do no damage.
The quokka is almost dead.
The quokka barely misses you. The quokka misses you.
You hit the quokka.
You kill the quokka!
d - a scroll labelled WUOSSU JAZXU
h - a scroll labelled QITARYETEA A quokka comes into view.
Found a ring mail.
Found a stone staircase leading down.
A hobgoblin comes into view.
The hobgoblin shouts!
You see here a +0 ring mail.
You hit the quokka but do no damage. The quokka misses you.
You closely miss the quokka. The quokka bites you. The hobgoblin misses you.
The quokka misses you.
You barely miss the quokka. The hobgoblin closely misses you.
The quokka barely misses you.
You closely miss the quokka. The quokka barely misses you.
The hobgoblin misses you.
You hit the quokka.
The quokka is heavily wounded.
The quokka misses you. The hobgoblin closely misses you.
You barely miss the quokka.
The quokka is heavily wounded.
The quokka bites you. The hobgoblin closely misses you.
You hit the quokka.
You kill the quokka!
The hobgoblin barely misses you.
You hit the hobgoblin.
The hobgoblin is severely wounded.
The hobgoblin hits you.
You hit the hobgoblin.
The hobgoblin is almost dead.
The hobgoblin closely misses you.
You hit the hobgoblin but do no damage.
The hobgoblin is almost dead.
The hobgoblin hits you.
You die...

#..........##..⌠
#.
#...........##..
#.
######.......##.
#. ##........##
#.# #.........##
#.. #.###.#.#.#
###.######.#
#.#...##
#...g.#....#
#.###...
#...@...#### #.#
#### #.....###
###.######
#.....#
##.........
#.....#
#..#.###...
#..>..#
#.##.###.##
#.....#
##.##.##..##
#.....#
#.......†###
###.#.#
#.......####
#...........


You could see a hobgoblin.

Vanquished Creatures
  A ball python (D:1)
  2 endoplasms (D:1)
  3 hobgoblins (D:1)
  2 quokkas (D:1)
  A frilled lizard (D:1)
  2 kobolds (D:1)
11 creatures vanquished.

Notes
Turn   | Place    | Note
-------+----------+-------------------------------------------
     0 | D:1      | sweatyfellr the Spriggan Enchanter began the quest for the
                  | Orb.
     0 | D:1      | Reached XP level 1. HP: 9/9 MP: 5/5
   339 | D:1      | Reached XP level 2. HP: 13/13 MP: 6/6
   602 | D:1      | Slain by a hobgoblin

Illustrated notes

Levels and vault maps discovered:
D:1:      dpeg_arrival_lava_temple_mockup, layout_rooms, minmay_quantized

Skill      XL: |  1  2 |
---------------+-------+-----
Hexes          | 4 |  4.1
Short Blades   | |  1.2
Throwing       | |  0.4
Dodging        | |  2.6
Stealth        | |  4.7
Spellcasting   | |  2.7

Action                   || total
-------------------------++-------
Melee: Dagger            ||    53
Throw: Stone             ||     6
  Use: Potion            ||     1
 Stab: Sleeping          ||     1
Armor: Robe              ||     4
Dodge: Dodged            ||    40

Table legend: (Time is in decaauts)
 A = Elapsed time spent in this place.
 B = Non-inter-level travel time spent in this place.
 C = Inter-level travel time spent in this place.
 D = Time resting spent in this place.
 E = Time spent auto-exploring this place.
 F = Levels seen in this place.
 G = Mean time per level.
                   A        B        C        D        E       F      G
               +--------+--------+--------+--------+--------+-----+--------+
         Total |    564 |    526 |     38 |      0 |    435 |   1 |  564.0 |
       Dungeon |    564 |    526 |     38 |      0 |    435 |   1 |  564.0 |
               +--------+--------+--------+--------+--------+-----+--------+

Top non-repeatable levels by time:
     D:1: 564 daAuts
